 Dungeon Crawl Stone Soup version 0.31-a0-188-g5e087ee2ca (webtiles) character file.

Game seed: 6508102063353671441

90 qw the Shooter (level 4, -8/25 HPs)
             Began as a Deep Elf Hunter on June 23, 2023.
             Killed from afar by Terence (11 damage)
             ... with a puff of flame
             ... on level 2 of the Dungeon.
             The game lasted 00:00:37 (1907 turns).

qw the Shooter (Deep Elf Hunter)                    Turns: 1907, Time: 00:00:38

Health: -8/25      AC:  4    Str:  6    XL:     4   Next: 32%
Magic:  6/6        EV: 12    Int: 14    God:
Gold:   164        SH:  0    Dex: 18    Spells: 3/3 levels left

rFire   . . .        Y - +0 shortbow
rCold   . . .        (shield currently unavailable)
rNeg    + + .        c - +0 leather armour
rPois   .            f - +1 hat of Gluttony {rN++ Str-4}
rElec   .            (no cloak)
rCorr   .            (no gloves)
SInv    .            (no boots)
Will    .....        (no amulet)
Stlth   ++           (no ring)
HPRegen 0.24/turn    (no ring)
MPRegen 0.10/turn

%: no passive effects
@: no status effects
A: no striking features
a: no special abilities


You were on level 2 of the Dungeon.
You visited 1 branch of the dungeon, and saw 3 of its levels.

You collected 164 gold pieces.


   Skills:
 - Level 1.5 Fighting
 + Level 7.7 Ranged Weapons
 - Level 2.4 Dodging
 - Level 1.2 Stealth


You had 3 spell levels left.
You didn't know any spells.
Your spell library was empty.

Inventory:

Hand Weapons
 Y - a +0 shortbow (weapon)
Armour
 c - a +0 leather armour (worn)
 f - the +1 hat of Gluttony (worn) {rN++ Str-4}
   (You acquired it on level 2 of the Dungeon)

   Str:       It affects your strength (-4).
   rN:        It greatly protects you from negative energy.
Scrolls
 a - a scroll of identify
Potions
 b - a potion of heal wounds {unknown}
 d - a potion of berserk rage {unknown}
 e - a potion of enlightenment {unknown}
 i - a potion of magic {unknown}

Dungeon Overview and Level Annotations

Branches:
Dungeon (3/15)

Altars:
Gozag

Annotations:
D:2 Terence


Message History

Terence is nearby!
You shoot an arrow.
The arrow hits Terence but does no damage.
You shoot an arrow. The arrow hits Terence.
Terence is moderately wounded.
Terence zaps a wand.
The puff of flame hits you.
1839 ||| STAIRDANCE Terence zaps a wand.
The puff of flame hits you!
You climb upwards.
There is a stone staircase leading down here.
You start resting.
HP restored.
Done exploring.
(D) Dungeon
Where to? (* - list waypoints, Enter - D:3, ? - help)
What level of the Dungeon? (default 1, ? - help)
You climb downwards.
Level annotation: Terence Terence hits you with a +0 flail!
A goblin comes into view. It is wielding a +0 club.
Terence zaps a wand.
The puff of flame hits you.
The goblin moves out of view.
There is a stone staircase leading up here.
1902 ||| STAIRDANCE Terence hits you with a +0 flail.
You climb upwards.
There is a stone staircase leading down here.
You shoot an arrow.
The arrow hits Terence but does no damage.
Terence completely misses you.
You shoot an arrow.
The arrow hits Terence but does no damage.
Terence barely misses you.
You shoot an arrow. The arrow hits Terence.
Terence is moderately wounded.
Terence zaps a wand.
The puff of flame hits you!
You shoot an arrow.
The arrow hits Terence but does no damage.
Terence is moderately wounded.
Terence zaps a wand.
The puff of flame hits you!
You die...

######### #.......#
####.......#
#####..........#
....#.####'#########
....#.# #.##......#
....#.####.##..@...#
............'...@..#
.........#.##......#
.......#.#.##....#.#
####''####.##....#.#
#~~~..~~~#+##....#.#
#~......~#..#....#.#
#~.7##7)~#..#....#.#
'..#
#..'.........######
'..#
#.)'...#..........##


You could see Terence.

Vanquished Creatures
  5 adders (D:2)
  A dart slug (D:2)
  An endoplasm (D:1)
  2 giant cockroaches (D:2)
  4 goblins
  6 hobgoblins
  7 jackals (D:1)
  A quokka (D:1)
  5 ball pythons
  3 bats
  2 kobolds
  4 rats
41 creatures vanquished.

Notes
Turn   | Place    | Note
-------+----------+-------------------------------------------
     0 | D:1      | qw the Deep Elf Hunter began the quest for the Orb.
     0 | D:1      | Reached XP level 1. HP: 12/12 MP: 3/3
     0 | D:1      | 0 ||| qw: Version: 0.3-a-9-g12657ce
     0 | D:1      | 0 ||| qw: Game counter: 3626
     0 | D:1      | 0 ||| qw: Always use a shield: true
     0 | D:1      | 0 ||| qw: God list: Okawaru
     0 | D:1      | 0 ||| qw: Allow faded altars: false
     0 | D:1      | 0 ||| qw: Do Orc after D:15 true
     0 | D:1      | 0 ||| qw: Do second Lair branch before Depths: true
     0 | D:1      | 0 ||| qw: Lair rune preference: random
     0 | D:1      | 0 ||| qw: Plans: Normal
     0 | D:1      | 0 ||| PLANNING D:1-11
    99 | D:1      | 99 ||| DROPPING scroll of butterflies.
   188 | D:1      | Reached skill level 6 in Ranged Weapons
   188 | D:1      | Reached XP level 2. HP: 9/16 MP: 4/4
   191 | D:1      | HP: 4/16 [jackal (2)]
   676 | D:1      | 676 ||| READING scroll labelled CEUNED OJALL.
   677 | D:1      | 677 ||| READING scroll labelled DIRERE NEDENEO.
   678 | D:1      | 678 ||| READING scroll labelled FEVUSM CI ULOE.
   679 | D:1      | 679 ||| READING scroll labelled TOYWAO AMUENNY.
   781 | D:2      | Reached XP level 3. HP: 20/20 MP: 5/5
   787 | D:2      | Found an opulent altar of Gozag.
   878 | D:2      | Reached skill level 7 in Ranged Weapons
  1288 | D:2      | Reached XP level 4. HP: 24/25 MP: 6/6
  1486 | D:2      | 1486 ||| READING scroll labelled BALORE GILU.
  1487 | D:2      | 1487 ||| READING scroll labelled YDU YK ZETAM.
  1488 | D:2      | 1488 ||| READING scroll labelled RERPHIO QURA.
  1491 | D:2      | 1491 ||| READING scroll labelled JOOFIE ZAUB.
  1592 | D:2      | 1592 ||| READING scroll labelled RIXUSI UFUIPN.
  1692 | D:3      | Noticed Terence
  1695 | D:3      | 1695 ||| FLEEEEING.
  1696 | D:3      | 1696 ||| FLEEEEING.
  1697 | D:3      | 1697 ||| FLEEEEING.
  1700 | D:3      | 1700 ||| STAIRDANCE
  1737 | D:2      | 1737 ||| READING scroll labelled HEAPRU CUTRE.
  1737 | D:2      | Identified a scroll of acquirement
  1737 | D:2      | 1737 ||| ACQUIRING +1 hat of Gluttony {rN++ Str-4}
  1737 | D:2      | Acquired the +1 hat of Gluttony {rN++ Str-4}
  1739 | D:2      | 1739 ||| UPGRADING to +1 hat of Gluttony {rN++ Str-4}.
  1746 | D:3      | 1746 ||| STAIRDANCE
  1805 | D:3      | 1805 ||| STAIRDANCE
  1839 | D:3      | 1839 ||| STAIRDANCE
  1902 | D:3      | 1902 ||| STAIRDANCE
  1906 | D:2      | HP: 2/25 [Terence/puff of flame (10)]
  1907 | D:2      | Killed from afar by Terence

Levels and vault maps discovered:
D:1:      lemuel_arrival_muddy, layout_basic, hangedman_abyss_or_decor_stabs,
          nicolae_the_louvre
D:2:      layout_basic, basic_altar, kennysheep_generic_room_6
D:3:      layout_rooms, lemuel_zombie_altar_yredelemnul, uniq_jessica,
          uniq_terence

Skill      XL: |  1  2  3 |
---------------+----------+-----
Ranged Weapons | 6 7 |  7.7
Fighting       | |  1.5
Dodging        | |  2.4
Stealth        | |  1.2

Action                     |  1- 3 |  4- 6 || total
---------------------------+-------+-------++-------
   Fire: Shortbow          |    92 |    22 ||   114
    Use: Scroll            |     4 |     6 ||    10
 Armour: Leather armour    |    12 |     2 ||    14
  Dodge: Dodged            |    38 |     6 ||    44

Table legend:
 A = Non-vault XP
 B = Vault XP
 C = Vault XP percentage of total XP
 D = Non-vault monster count
 E = Vault monster count
 F = Vault count percentage of total count
                 A         B        C        D         E       F
            +---------+---------+-------+---------+---------+-------
      Total |     125 |       4 |   3.1 |      39 |       2 |   4.9
            +---------+---------+-------+---------+---------+-------
        D:1 |      37 |       0 |   0.0 |      21 |       0 |   0.0
        D:2 |      88 |       4 |   4.3 |      18 |       2 |  10.0
            +---------+---------+-------+---------+---------+-------
